 Seeded DCSS version 0.29.1-15-g9cfb28693d (webtiles) character file.

Game seed: 13213564861128879443 (custom seed)

12765 Smoke131 the Fighter (level 11, -3/117 HPs)
             Began as an Ogre Gladiator on Mar 5, 2023.
             Was a High Priest of Okawaru.
             Slain by a vampire mosquito (8 damage)
             ... on level 1 of the Lair of Beasts.
             The game lasted 00:41:17 (16660 turns).

Smoke131 the Fighter (Ogre Gladiator)              Turns: 16660, Time: 00:41:18

Health: -3/117     AC: 10    Str: 24    XL:     11   Next: 98%
Magic:  17/17      EV: 10    Int:  9    God:    Okawaru [*****.]
Gold:   113        SH:  0    Dex: 10    Spells: 10/10 levels left

rFire   . . .      SeeInvis .   m - +3 dire flail (venom)
rCold   . . .      Faith    .   (shield currently unavailable)
rNeg    . . .      Spirit   .   f - +0 robe "Rierch" {+Inv}
rPois   +          Reflect  .   c - +0 hat
rElec   .          Harm     .   l - +1 cloak
rCorr   .          Rampage  .   (gloves unavailable)
Will    +....                   (boots unavailable)
Stlth   +.........              (no amulet)
HPRegen 0.29/turn               j - +4 ring of protection
MPRegen 0.15/turn               K - ring of poison resistance

@: confused, ambrosia-drunk, hasted, very quick
A: large, unfitting armour, tough skin 1
a: Renounce Religion, Evoke Invisibility, Heroism, Finesse, Duel


You were on level 1 of the Lair of Beasts.
You worshipped Okawaru.
Okawaru was extremely pleased with you.
You visited 3 branches of the dungeon, and saw 14 of its levels.
You also visited: Sewer.

You collected 668 gold pieces.
You spent 555 gold pieces at shops.

Inventory:

Hand Weapons
 m - a +3 dire flail of venom (weapon)
 P - a +3 morningstar of freezing
Missiles
 d - 3 throwing nets
 g - 89 stones
 h - 3 curare-tipped darts
 p - 29 poisoned darts
 v - 8 atropa-tipped darts
 B - 11 boomerangs (quivered)
 O - a silver javelin
 Q - a javelin
 R - 2 large rocks
Armour
 c - a +0 hat (worn)
 f - the +0 robe "Rierch" (worn) {+Inv}
   (You found it on level 2 of the Dungeon)

   +Inv:      It lets you turn invisible.
 l - a +1 cloak (worn)
Jewellery
 e - a ring of fire
 j - a +4 ring of protection (left hand)
 k - a ring of ice
 z - a +6 ring of intelligence
 C - a ring of fire
 D - a +6 ring of intelligence
 F - a +4 ring of protection
 K - a ring of poison resistance (right hand)
Wands
 J - a wand of flame (15)
 L - a wand of roots (2)
Scrolls
 n - 2 scrolls of enchant weapon
 o - a scroll of poison
 s - a scroll of enchant armour
 y - 4 scrolls of fear
 E - 2 scrolls of fog
 M - 3 scrolls of teleportation
 N - a scroll of silence {unknown}
Potions
 a - a potion of attraction
 i - 2 potions of brilliance
 q - 2 potions of cancellation
 r - a potion of haste
 t - 2 potions of might
 u - 4 potions of curing
 x - a potion of mutation
 A - a potion of magic
 G - a potion of flight
 H - a potion of lignification
 I - 2 potions of resistance


   Skills:
 - Level 10.0 Fighting
 + Level 8.8 Maces & Flails
 + Level 9.4 Throwing
 + Level 7.6 Armour
 - Level 3.0 Dodging
 + Level 8.0 Invocations


You had 10 spell levels left.
You didn't know any spells.
Your spell library contained the following spells:

 Spells                   Type           Power      Damage    Failure   Level
 Scorch                   Fire           0%         2d5       52%         2
 Sublimation of Blood     Necr           0%         N/A       52%         2
 Portal Projectile        Hex/Tloc       0%         N/A       77%         3
 Flame Wave               Conj/Fire      0%         2d4       99%         4
 Leda's Liquefaction      Hex/Erth       0%         N/A       99%         4
 Borgnjor's Revivificati  Necr           0%         N/A       100%        8
 Necromutation            Tmut/Necr      0%         N/A       100%        8
 Summon Small Mammal      Summ           Unusable   N/A       N/A         1
 Call Canine Familiar     Summ           Unusable   N/A       N/A         3
 Summon Guardian Golem    Hex/Summ       Unusable   N/A       N/A         3
 Summon Cactus Giant      Summ           Unusable   N/A       N/A         6

Dungeon Overview and Level Annotations

Branches:
Dungeon (11/15)            Temple (1/1) D:5            Lair (2/5) D:8
  Swamp (0/4) Lair:2          Orc (0/2) D:10          Sewer (visited)
  Snake: Lair:2-3    Spider: Lair:2-3

Altars:
Cheibriados
Fedhas
Hepliaklqana
Okawaru
Ru
Trog
Yredelemnul
The Shining One

Shops:
D:3 !   D:5 =   D:6 (   D:7 !   D:8 *


Innate Abilities, Weirdness & Mutations

You are too large for most types of armour.
You have tough skin. (AC +1)


Message History

Throw: 11 boomerangs
Press: ? - help, Q - select action, (/) - cycle Shift-Dir - straight line, f/p - vampire mosquito
Aim: a vampire mosquito (moderately damaged, 51% to hit)
You throw a boomerang.
The boomerang barely misses the vampire mosquito.
Throw: 11 boomerangs
Press: ? - help, Q - select action, (/) - cycle Shift-Dir - straight line, f/p - vampire mosquito
Aim: a vampire mosquito (moderately damaged, 51% to hit)
You throw a boomerang.
The boomerang closely misses the vampire mosquito.
The vampire mosquito bites you!
* * * LOW HITPOINT WARNING * * *
The vampire mosquito draws strength from your injuries!
You feel yourself speed up. The vampire mosquito bites you.
* * * LOW HITPOINT WARNING * * *
The vampire mosquito draws strength from your injuries!
The vampire mosquito bites you.
* * * LOW HITPOINT WARNING * * *
The vampire mosquito draws strength from your injuries!
The vampire mosquito closely misses you.
The vampire mosquito attacks as you move away!
The vampire mosquito bites you.
* * * LOW HITPOINT WARNING * * *
The vampire mosquito draws strength from your injuries!
Okay, then.
As you read the scroll of fog, it crumbles to dust.
The scroll dissolves into smoke.
The vampire mosquito closely misses you.
The vampire mosquito bites you but does no damage.
The vampire mosquito closely misses you.
You are confused.
You feel invigorated.
The vampire mosquito bites you but does no damage.
The vampire mosquito bites you but does no damage.
You bump into the rock wall.
The vampire mosquito barely misses you.
You bump into the rock wall.
The vampire mosquito bites you!
* * * LOW HITPOINT WARNING * * *
The vampire mosquito draws strength from your injuries!
The vampire mosquito bites you!
You die...

....#....#..........#.......##...
.......###..............#...#..).
#..#..## ##............###......#
##.....###.#.########.## ##....##
#.......########### ######....##
#...##....#§###§#.###..##....## #
...###...#..§§§§§§§.........## ##
..## ##.....§§§§y§§........## ##.
...## ##...#§§§§@§§.#.....## ##..
....## ######§##§####..#### ##...
#....#### ####### #..P# ##....
#.....#.####.###.####..#####....#
###........#..#.......#....#...##
#............................##
####........................##
#####..##.#######.#####.##
#####.######### ###


You could see a vampire mosquito.

Vanquished Creatures
  A boulder beetle (Lair:1)
  A catoblepas (Lair:1)
  A two-headed ogre (D:10)
  A manticore (D:7)
  An elephant (D:8)
  A cane toad (Lair:1)
  A rime drake (Lair:1)
  2 trolls
  A shadow (D:10)
  2 wyverns
  23 yaks
  2 basilisks (D:8)
  2 vampire mosquitoes (Lair:1)
  Edmund (D:4)
  5 water moccasins
  5 orc warriors
  A black bear (D:4)
  2 ice beasts
  2 centaurs
  A phantom (D:5)
  9 kobold brigands (Sewer)
  7 bullfrogs
  A scorpion (D:2)
  13 wights
  2 jellies (D:6)
  6 killer bees (D:9)
  6 howler monkeys
  2 electric eels
  A gnoll bouda (D:5)
  3 hounds
  5 orc priests
  2 iguanas
  10 orc wizards
  7 gnolls
  12 adders
  A river rat (Sewer)
  A white imp (D:5)
  2 ufetubi
  5 worms
  A dart slug (D:5)
  64 orcs
  13 endoplasms
  6 giant cockroaches
  6 goblins
  7 hobgoblins
  8 jackals
  4 quokkas
  9 ball pythons
  4 bats
  A frilled lizard (D:1)
  11 kobolds
  10 rats
  2 butterflies (D:2)
297 creatures vanquished.

Vanquished Creatures (others)
  6 fungi
  7 plants
13 creatures vanquished.

Grand Total: 310 creatures vanquished

Notes
Turn   | Place    | Note
-------+----------+-------------------------------------------
     0 | D:1      | Smoke131 the Ogre Gladiator began the quest for the Orb.
     0 | D:1      | Reached XP level 1. HP: 22/22 MP: 1/1
   188 | D:1      | Reached XP level 2. HP: 29/29 MP: 2/2
   268 | D:1      | Reached skill level 3 in Fighting
   622 | D:1      | Found a faded altar of an unknown god.
   778 | D:2      | Reached XP level 3. HP: 32/37 MP: 3/3
   782 | D:2      | Noticed a scorpion
   791 | D:2      | Reached skill level 1 in Armour
  1353 | D:2      | Reached XP level 4. HP: 23/45 MP: 4/4
  1515 | D:2      | Identified the +0 robe "Rierch" {+Inv}
  1875 | D:2      | Killed a scorpion
  1876 | D:2      | Reached skill level 4 in Fighting
  1876 | D:2      | Reached XP level 5. HP: 54/54 MP: 5/5
  1987 | D:3      | Found a glowing drain.
  2042 | Sewer    | Entered a sewer
  2138 | Sewer    | Noticed a kobold brigand
  2160 | Sewer    | Killed a kobold brigand
  2267 | Sewer    | Noticed a kobold brigand
  2282 | Sewer    | Killed a kobold brigand
  2283 | Sewer    | Reached XP level 6. HP: 58/63 MP: 6/6
  2531 | Sewer    | Reached skill level 5 in Fighting
  2531 | Sewer    | Reached XP level 7. HP: 48/72 MP: 7/7
  3268 | Sewer    | Reached skill level 6 in Fighting
  3378 | D:3      | Found Olaecemn's Distillery.
  3429 | D:3      | Bought a potion of might for 48 gold pieces
  3429 | D:3      | Bought a potion of degeneration for 12 gold pieces
  3429 | D:3      | Bought a potion of curing for 36 gold pieces
  3967 | D:4      | Reached XP level 8. HP: 79/83 MP: 8/8
  4681 | D:4      | Noticed Edmund
  4690 | D:4      | Killed Edmund
  4691 | D:4      | Reached skill level 5 in Maces & Flails
  4691 | D:4      | Reached skill level 5 in Throwing
  5062 | D:5      | Entered Level 5 of the Dungeon
  5571 | D:5      | Reached skill level 7 in Fighting
  5653 | D:5      | Identified the +1 robe "Qeihozig" {rC- rCorr Str+2}
  6086 | D:5      | Identified the +3 scale mail of Awextis {Dex+5}
  6360 | D:5      | Found a staircase to the Ecumenical Temple.
  6369 | Temple   | Entered the Ecumenical Temple
  6412 | Temple   | Became a worshipper of Warmaster Okawaru
  6520 | D:5      | Found a bloodstained altar of Trog.
  6563 | D:5      | Found Naurr's Jewellery Shop.
  6745 | D:6      | You fall into a shaft and drop 2 floors!
  6814 | D:8      | Found a staircase to the Lair.
  6814 | D:8      | Noticed an elephant
  6860 | D:8      | Noticed a yak
  6879 | D:8      | Killed a yak
  6880 | D:8      | Reached skill level 1 in Invocations
  6880 | D:8      | Reached XP level 9. HP: 92/94 MP: 9/9
  6935 | D:8      | Reached * piety under Okawaru
  6936 | D:8      | Reached skill level 8 in Fighting
  7127 | D:8      | Reached ** piety under Okawaru
  7128 | D:8      | Reached skill level 5 in Armour
  7376 | D:8      | Reached skill level 9 in Fighting
  7382 | D:8      | Reached XP level 10. HP: 37/107 MP: 11/13
  8810 | D:6      | Found Zouth's Weapon Shoppe.
  9441 | D:6      | Found a hazy altar of Hepliaklqana.
  9450 | D:6      | Found a glowing golden altar of the Shining One.
  9820 | D:7      | Found Aqepych's Distillery.
  9830 | D:7      | Bought a potion of attraction for 42 gold pieces
  9830 | D:7      | Bought a potion of lignification for 42 gold pieces
  9863 | D:7      | Got the Quarto of the Mausoleum
 10046 | D:7      | Reached *** piety under Okawaru
 10286 | D:7      | Noticed a manticore
 10296 | D:7      | Killed a manticore
 10488 | D:7      | Reached skill level 5 in Invocations
 10542 | D:8      | Found Raetsut's Assorted Antiques.
 10626 | D:8      | Bought a scroll labelled SOVONA XONANO for 27 gold pieces
 10626 | D:8      | Bought a scroll of identify for 54 gold pieces
 10626 | D:8      | Bought a scroll of identify for 54 gold pieces
 10977 | D:8      | Killed an elephant
 10978 | D:8      | Reached skill level 10 in Fighting
 11277 | D:9      | Reached **** piety under Okawaru
 12061 | D:9      | Found a basalt altar of Yredelemnul.
 12113 | D:9      | Reached XP level 11. HP: 113/117 MP: 15/15
 12635 | D:10     | Entered Level 10 of the Dungeon
 12869 | D:10     | Noticed a two-headed ogre
 13167 | D:10     | Killed a two-headed ogre
 13167 | D:10     | Received a gift from Okawaru
 13167 | D:10     | Reached ***** piety under Okawaru
 13350 | D:10     | Found a staircase to the Orcish Mines.
 13502 | D:10     | Received a gift from Okawaru
 14640 | D:5      | Bought a ring of poison resistance for 240 gold pieces
 14719 | Lair:1   | Entered Level 1 of the Lair of Beasts
 14829 | Lair:1   | Noticed a boulder beetle
 14845 | Lair:1   | Killed a boulder beetle
 14845 | Lair:1   | Received a gift from Okawaru
 15799 | Lair:1   | Noticed a catoblepas
 15820 | Lair:1   | Killed a catoblepas
 15820 | Lair:1   | Received a gift from Okawaru
 16182 | Lair:1   | Received a gift from Okawaru
 16285 | Lair:2   | Found a staircase to the Swamp.
 16542 | Lair:2   | Noticed a five-headed hydra
 16651 | Lair:1   | HP: 3/117 [vampire mosquito (6)]
 16660 | Lair:1   | HP: 5/117 [vampire mosquito (8)]
 16660 | Lair:1   | Slain by a vampire mosquito

Illustrated notes

Levels and vault maps discovered:
D:1:      eino_arrival_druids_welcome, layout_loops_ring,
          chequers_ecumenical_altar_simple
D:2:      layout_basic, hangedman_glass_garden
D:3:      layout_rooms, serial_shops, nicolae_shop_waterfront,
          cheibrodos_sewer_entry_drain
D:4:      layout_basic, uniq_edmund
D:5:      layout_basic, trog_book, minmay_temple_entry_purple_smoke,
          serial_shops, kennysheep_little_box, roderic_lattice_a,
          minmay_misc_feat_diagonals, fountainhead, minmay_liquid_box,
          chequers_arboretum, grunt_decor_cap
D:6:      layout_cave_pools, mainiacjoe_overflow_big_doors,
          nicolae_inconvenience_store
D:7:      layout_basic, serial_shops, nicolae_square_shop
D:8:      layout_rooms, david_lair_generic, serial_shops,
          nicolae_shop_statue_plus
D:9:      layout_basic, old_standard_altar
D:10:     layout_roguey [special_room_orc], erik_orc_3
D:11:     layout_grid_maze, nicolae_take_the_stairs, lightli_minifort
Temple:   dpeg_five_rooms_temple
Lair:1:   layout_concentric_octagons, serial_bayou_pond_d, serial_bayou_shore_b,
          serial_bayou_shore_b
Lair:2:   layout_gridlike, minmay_swamp_entry_swarm, spider_nest_entry_webs,
          kennysheep_rathole, uniq_gastronok

Skill      XL: |  1  2  3  4  5  6  7  8  9 10 11 |
---------------+----------------------------------+-----
Fighting       | 3 4 5 6 7 9 10 | 10.0
Maces & Flails | 3 4 5 6 7 8 |  8.8
Dodging        | 3 |  3.0
Armour         | 1 2 3 4 5 6 7 |  7.6
Throwing       | 3 4 5 6 8 9 |  9.4
Invocations    | 1 4 6 8 |  8.0

Action                   |  1- 3 |  4- 6 |  7- 9 | 10-12 || total
-------------------------+-------+-------+-------+-------++-------
Melee: Flail             |    84 |   106 |   425 |    57 ||   672
       Punch             |       |     2 |     9 |     1 ||    12
       Dire flail        |       |       |       |   426 ||   426
Throw: Throwing net      |     1 |       |     4 |       ||     5
       Large rock        |       |     1 |     3 |       ||     4
       Stone             |       |     5 |       |       ||     5
       Dart              |       |       |    32 |    50 ||    82
       Boomerang         |       |       |     9 |    29 ||    38
Invok: Heroism           |       |       |       |     1 ||     1
  Use: Potion            |     1 |       |     4 |     9 ||    14
       Scroll            |       |     4 |     7 |    15 ||    26
 Stab: Distracted        |     1 |       |       |       ||     1
       Invisible         |       |       |     2 |       ||     2
Armor: Robe              |    43 |    35 |   183 |   216 ||   477
Dodge: Dodged            |    68 |    36 |   212 |   266 ||   582
